Cogmind - Beta 13 @@@ ROGUE MODE // 2024.07.30 @ 22:08:12 Player: RadioactivePepsi Result: Destroyed by S-10 Pest with Light Assault Rifle Performance ------------- Evolutions (0) 0 Regions Visited (1) 200 Robots Destroyed (30) 150 Value Destroyed (698) 698 Prototype IDs (0) 0 Alien Tech Used (0) 0 Bonus (0) 0 TOTAL SCORE: 1048 Bonus ------- None Cogmind --------- Core Integrity 0/250 Matter 174/300 Energy 96/100 System Corruption 1% Temperature Cool (0) Movement Flying (920) Ox11 Location -10/Materials Parts ------- > --- POWER (1) -------- (None) > --- PROPULSION (2) --- Flight Unit > --- UTILITY (2) ------ Heat Sink High-capacity Storage Unit > --- WEAPON (2) ------- Small Laser Grenade Launcher > --- INVENTORY (20) --- Ion Engine Backup Power I Aluminum Leg Terrain Scanner Peak State ------------ > --- POWER ------------ Light Ion Engine > --- PROPULSION ------- Aluminum Leg Aluminum Leg > --- UTILITY ---------- Medium Matter Pod Improved Terrain Scanner > --- WEAPON ----------- Medium Laser Assault Rifle > --- INVENTORY -------- Light Ion Engine Wheel Wheel EM Pulse Gun [Rating: 9] Favorites ----------- Power Light Ion Engine Engine Light Ion Engine Power Core Light Nuclear Core Propulsion Aluminum Leg Treads Light Treads Leg Aluminum Leg Wheel Wheel Hover Unit Backup Propulsion I Flight Unit Flight Unit Utility Terrain Scanner Device Terrain Scanner Storage High-capacity Storage Unit Processor Terrain Scan Processor Weapon Grenade Launcher Energy Gun Medium Laser Energy Cannon Beam Cannon Ballistic Gun Assault Rifle Launcher Grenade Launcher Special Weapon Mining Laser Special Melee Weapon Datajack Build | -11 -10 ------- Run | Yrd Mat Slots Evolved . | . . Power . | . . Propulsion . | . . Utility . | . . Weapon . | . . Parts Attached 40 | 9 31 Power 4 | 1 3 Engine 3 | 1 2 Core 1 | . 1 Reactor . | . . Propulsion 15 | 3 12 Treads 4 | . 4 Leg 7 | 3 4 Wheel 2 | . 2 Hover 1 | . 1 Flight 1 | . 1 Utility 9 | 2 7 Device 3 | 1 2 Storage 5 | 1 4 Processor 1 | . 1 Hackware . | . . Protection . | . . Artifact . | . . Weapon 12 | 3 9 Energy Gun 2 | 1 1 Energy Cannon 2 | . 2 Ballistic Gun 3 | 1 2 Ballistic Cannon . | . . Launcher 3 | . 3 Special Weapon 1 | 1 . Impact Weapon . | . . Slashing Weapon . | . . Piercing Weapon . | . . Special Melee Weapon 1 | . 1 Unidentified Prototypes . | . . Parts Lost 7 | . 7 Power 1 | . 1 Propulsion 3 | . 3 Utility 1 | . 1 Weapon 2 | . 2 Highest Loss Streak 4 | . 4 To Critical Strikes . | . . Average Slot Usage (%) 89 | . 89 Engine 10 | . 10 Core 3 | . 3 Treads 7 | . 7 Leg 10 | . 10 Wheel 4 | . 4 Hover 1 | . 1 Device 11 | . 11 Storage 8 | . 8 Processor 3 | . 3 Energy Gun 3 | . 3 Energy Cannon 6 | . 6 Ballistic Gun 1 | . 1 Launcher 14 | . 14 Special Melee Weapon 1 | . 1 Naked Turns . | . . Heaviest Build 52 | 10 52 Greatest Support 20 | 20 20 Greatest Overweight (x) 12 | . 12 Average Overweight (x) . | . . Largest Inventory Capacity 20 | 5 20 Average Capacity 9 | 5 10 Most Carried 7 | 5 7 Average Carried 4 | 3 4 Final Capacity 20 | 5 20 Final Carried 5 | 5 4 Class Distribution -------------------- 66% | Mutant 33% | Scavenger-Mutant Dominant Class ---------------- Mutant | -10/Materials Resources | -11 -10 ----------- Run | Yrd Mat Matter Collected 889 | 354 535 Remotely . | . . Salvage Created 798 | 78 720 Parts 59 | 9 50 Haulers Intercepted 1 | . 1 Recyclers Shooed 3 | . 3 Parts Field Recycled . | . . Retrieved Matter . | . . Parts Self-Destructed . | . . Prevented . | . . Kills | -11 -10 ------- Run | Yrd Mat Combat Hostiles Destroyed 16 | 1 15 Guns 2 | 1 1 Cannons 4 | . 4 AOE 10 | . 10 Classes Destroyed 9 | 3 6 Worker 5 | 1 4 Builder 2 | . 2 Tunneler 2 | 2 . Hauler 1 | . 1 Recycler 2 | . 2 Mechanic 1 | . 1 Watcher 1 | . 1 Swarmer 1 | . 1 Grunt 15 | 1 14 Best Kill Streak 7 | 2 7 Combat Bots Only 6 | 1 6 Max Kills in Single Turn 4 | 1 4 Gunslinging . | . . Exploded 3 | . 3 Melee . | . . Uniques/NPCs Destroyed . | . . Combat | -11 -10 -------- Run | Yrd Mat Hostile Shots Fired 131 | 9 122 Missed 34 | 3 31 Damage Taken 1200 | 67 1133 Core 256 | 11 245 Absorbed by Shields . | . . Regen/Repaired (Parts) 29 | . 29 Core Remaining (%) 95 | 95 . Volleys Fired 92 | 13 79 Largest 2 | 2 2 Hottest 100 | 70 100 Shots Fired 142 | 26 116 Gun 51 | 26 25 Cannon 55 | . 55 Launcher 36 | . 36 Special . | . . Kinetic 23 | 13 10 Thermal 83 | 13 70 Explosive 36 | . 36 Electromagnetic . | . . Robot Hit Streak 6 | 3 6 Robot Miss Streak 6 | 6 6 Penetration Max . | . . Secondary Targets . | . . Shots Hit Robots 54 | 8 46 Core Hits 49 | 5 44 Critical Kills . | . . Critical Parts Destroyed . | . . Critical Strikes 1 | 1 . Burn 1 | 1 . Melee Attacks 3 | . 3 Impact . | . . Slashing . | . . Piercing . | . . Sneak Attacks 2 | . 2 Combat Hostiles . | . . Follow-up Attacks . | . . Damage Inflicted 1686 | 131 1555 Guns 299 | 131 168 Cannons 402 | . 402 Explosions 972 | . 972 Melee . | . . Ramming 13 | . 13 Kinetic 160 | 69 91 Thermal 541 | 62 479 Explosive 972 | . 972 Electromagnetic . | . . Impact . | . . Slashing . | . . Piercing . | . . Highest Corruption 1 | . 1 Average Corruption 1 | . 1 Corruption Purged . | . . Corruption Blocked . | . . Effects 3 | . 3 Matter Fused 1 | . 1 Energy Discharges 1 | . 1 Data Loss (major) 1 | . 1 Overload Shots . | . . Overflow Damage 35 | . 35 Projectiles 6 | . 6 Explosions 29 | . 29 Melee . | . . Knockbacks . | . . Impact . | . . Kinetic . | . . Secondary . | . . Self-Inflicted Damage 157 | . 157 Shots 10 | . 10 Rammed 2 | . 2 Targets Rammed 5 | . 5 Kicked 3 | . 3 Crushed . | . . Highest Temperature 293 | 54 293 Average Temperature 50 | 19 57 Received Heat Transfer 402 | 36 366 Siege Activations . | . . Robots Corrupted . | . . Combat Hostiles . | . . Parts Fried . | . . Impact Corruptions . | . . Robots Melted . | . . Combat Hostiles . | . . Parts Melted 1 | 1 . Heat Transferred 1285 | 259 1026 Parts Sabotaged . | . . Parts Stolen . | . . Parts Stripped . | . . Power Chain Reactions . | . . Alert | -11 -10 ------- Run | Yrd Mat Peak Influence 372 | 35 372 Initial 22 | . 22 Average 190 | 18 227 Maximum Alert Level 1 | . 1 Low Security (%) 36 | 100 23 Level 1 63 | . 76 Level 2 . | . . Level 3 . | . . Level 4 . | . . Level 5 . | . . High Security . | . . Max Security . | . . Squads Dispatched 4 | . 4 Investigation 3 | . 3 Extermination . | . . Reinforcement 1 | . 1 Assault . | . . Garrison . | . . Intercept . | . . Searches Triggered . | . . Construction Impeded . | . . Haulers Reinforced . | . . Active Scanning Responses . | . . Cargo Convoy Interrupts . | . . Stealth | -11 -10 --------- Run | Yrd Mat Distress Signals 1 | . 1 Communications Jammed . | . . Distress Signals . | . . Times Spotted 27 | 1 26 Peak Tracking Total 7 | 1 7 Tactical Retreats . | . . Traps | -11 -10 ------- Run | Yrd Mat Traps Triggered 1 | . 1 Indirectly . | . . Trap Hack Attempts . | . . Triggered . | . . Disarmed . | . . Reprogrammed . | . . Reused . | . . Traps Extracted . | . . Installed . | . . Triggered . | . . Machines | -11 -10 ---------- Run | Yrd Mat Machines Disabled 8 | . 8 Max in Single Turn 1 | . 1 Machines Repaired . | . . Machines Dismantled . | . . Machines Sabotaged . | . . Overloaded Fab Kills . | . . Hacking | -11 -10 --------- Run | Yrd Mat Machines Accessed 4 | . 4 Terminals 3 | . 3 Fabricators . | . . Repair Stations 1 | . 1 Recycling Units . | . . Scanalyzers . | . . Garrison Access . | . . Total Hacks 10 | . 10 Successful 6 | . 6 Failed 4 | . 4 Catastrophic 1 | . 1 Database Lockouts . | . . Manual 1 | . 1 Terminals 8 | . 8 Fabricators . | . . Repair Stations 2 | . 2 Recycling Units . | . . Scanalyzers . | . . Garrison Access . | . . Terminal Hacks 4 | . 4 Record 2 | . 2 Alert Level 1 | . 1 Investigation Status 1 | . 1 Fabricator Hacks . | . . Repair Station Hacks 2 | . 2 Scan Component 1 | . 1 Repair 1 | . 1 Recycling Unit Hacks . | . . Scanalyzer . | . . Garrison Access Hacks . | . . Unauthorized Hacks . | . . Terminals . | . . Fabricators . | . . Repair Stations . | . . Recycling Units . | . . Scanalyzers . | . . Garrison Access . | . . Data Cores Recovered . | . . Used . | . . Hacking Detections 4 | . 4 Full Trace Events 3 | . 3 Feedback Events 1 | . 1 Corruption 1 | . 1 Feedback Blocked . | . . Robot Schematics Acquired . | . . Robots Built . | . . Authchips . | . . Time . | . . Total Robot Build Rating . | . . Part Schematics Acquired . | . . Parts Built . | . . Authchips . | . . Time . | . . Total Part Build Rating . | . . Parts Repaired 1 | . 1 Time 26 | . 26 Parts Recycled . | . . Recycled Matter . | . . Retrieved Matter . | . . Retrieved Components . | . . Parts Scanalyzed . | . . Part Schematics Acquired . | . . Parts Damaged . | . . Bothacking | -11 -10 ------------ Run | Yrd Mat Used RIF Installer . | . . Robots Hacked 1 | . 1 Non-combat 1 | . 1 Combat . | . . Robot Hacks Applied 2 | . 2 parse_system 1 | . 1 no_distress 1 | . 1 Relay Couplers Released . | . . Fabnet Peak Effective % . | . . Robots Rewired . | . . Allies Hacked . | . . Hacks Repelled . | . . Allies | -11 -10 -------- Run | Yrd Mat Total Allies . | . . Largest Group . | . . Highest-Rated Group . | . . Highest-Rated Ally . | . . Total Orders . | . . Ally Attacks . | . . Total Damage . | . . Kills . | . . Allies Corrupted . | . . Allies Melted . | . . Intel | -11 -10 ------- Run | Yrd Mat Robot Analysis Total . | . . Derelict Logs Recovered . | . . Drone Launches . | . . Drone Recoveries . | . . Exploration | -11 -10 ------------- Run | Yrd Mat Turns Passed 1319 | 232 1087 Spaces Moved 663 | 156 507 Core 28 | 28 . Treads 236 | . 236 Legs 339 | 128 211 Wheels 58 | . 58 Hover . | . . Flight 2 | . 2 Fastest Speed 50 | 50 120 Average Speed 147 | 107 160 Slowest Speed 1005 | 120 1005 Overloaded Moves . | . . Propulsion Burnouts . | . . Robots Hopped . | . . Cave-ins Triggered . | . . Exploration Rate (%) 31 | 6 57 Regions Visited 1 Branch Regions . Pre-discovered Areas . | . . Known Exits Taken . | . . Unknown Exits Taken 1 | 1 . Scrap Searched . | . . Spaces Dug 16 | . 16 Terrain Destroyed 139 | . 139 Melee . | . . Projectile . | . . AOE 139 | . 139 Terrain Rammed . | . . Walls Destroyed . | . . Machines Disabled . | . . Actions | -11 -10 --------- Run | Yrd Mat Total 867 | 195 672 Wait . | . . Move 662 | 155 507 Hop . | . . Pick Up 36 | 15 21 Fast Attach 1 | . 1 Attach 28 | 8 20 Detach 9 | . 9 Swap 11 | 1 10 Drop 20 | 3 17 Fire 92 | 13 79 Melee 3 | . 3 Ram . | . . Kick 3 | . 3 Crush 2 | . 2 Escape Stasis . | . . Rewire . | . . Trap . | . . Miscellaneous . | . . Route ------- -11/Scrapyard -10/Materials (discovered 2 exits: [*Mat x2]) History --------- Turn | Location | Event 2 | -11/Scrapyard | Met Revision 17 88 | -11/Scrapyard | Discovered new exit (range 8) 233 | -11/Scrapyard | Entered Materials 567 | -10/Materials | Build established: Mutant 777 | -10/Materials | Repaired Beam Cannon 935 | -10/Materials | Discovered new exit (range 13) 1033 | -10/Materials | Core integrity fell below 50% 1190 | -10/Materials | Discovered new exit (range 15) 1294 | -10/Materials | Core integrity fell below 20% 1320 | -10/Materials | Destroyed by S-10 Pest with Light Assault Rifle Last Messages --------------- 01156_ Acquired Heat Sink. 01170_ R-06 Scavenger destroyed. 01185_ Acquired 92 matter. 01190_ EXIT=FOUND 01211_ ALERT: Hostiles spotted, dispatching reinforcements to Terminal M005. [Achievement: Uninvited Guest] 01231_ G-34 Mercenary destroyed. 01248_ Acquired 49 matter. 01251_ Acquired 31 matter. 01282_ Slammed into S-10 Pest. 01288_ S-10 Pest destroyed. 01303_ Acquired Flight Unit. 01304_ Lgt. Treads destroyed. Flying robots can pass through spaces occupied by others, even hostile robots. 01307_ Lgt. Nuclear Core destroyed. 01308_ Beam Cannon destroyed. 01311_ Wheel destroyed. [Achievement: First Step to Greatness] Map ----- +----------------------------------------------------+ | | | ?????????????????????????????????????????????????? | | ?????????????????????????????????????????????????? | | ?????????????????????????????????????????????????? | | ?????????????????????????????????????????????????? | | ?????????????????????????????????????????????????? | | ?????????????????????????????????????????????????? | | ?????????????????????????????????????????????????? | | ?????????????????????????????????###?????????????? | | ????????????????????????????????? #????????????? | | ????????????????????????????????# < #????????????? | | ????????????????????????????????# #????????????? | | ????????????????????????????????+ #????????????? | | ????????????????????????????????# #?????????##?? | | ????????????????????????????????# #????????? #?? | | ????????????????????????????????# #????????? #? | | ????????????????????????######### #???????"" #? | | ????????????????????????? !!! ## #????""""" #? | | ????????????????????????? !! ## #???"""""" #? | | ????????????????######???? !! ?# #???"""""" #? | | ????????????????#[[!!!!??? ?# #????""""" #? | | ????????????????#[[!!!!???? ??# #?? ??? ?? | | ????????????????# ???? ?## #########"### | | ???????????###### #####+### | | ???????? s % [ ! tr | | ???????? ws @ [!*= T ######### # | | ???????? w #??????## # | | ?????????############+########## #???????# # | | ??????????????????? ??????????########????### # | | ????????????????? ????????????#???????#?####= =# | | ????????????????# ?????????????????????#??## # # | | ????????????????#?????????????????#??#???##! | | ??????????????????????????????????###????#! ! | | ??????????????????????????????????#???#??# = ! | | ??????????????????????????????????#?????##! # | | ?????????????????????????????#??#??#?????#! # | | ??????????????????????????????????#??#??###! # | | ??????????????????????????????????##???#??#### + | | ????????????????????#??????????????#?####???## # | | ???????????????????????????????????#?#?###??##] # | | ?????????????????????#??????????######### #### # | | ??????????????????#???????####### # | | ???????# ????#????????????# ## """ # | | ???????# ############?????# #??"""" ! + | | ?????### #?????# #??"""" # | | ?????# ^ #?????# #?""""" # | | ?????? ##????# #??""" ## # | | ??????? ##????# ## ## # | | ???????? % ###### ############### # | | ????????""" *% [= # #### ## # # # | +----------------------------------------------------+ Best States ------------- Heat Dissipation 35 Energy Generation 14 Energy Capacity 250 Matter Stores 449 Matter Capacity 500 Sight Range 16 Terrain Scan Range 16 Terrain Scan Density 85 Evasion (%) 55 Recoil Reduction 1 Item Schematics ----------------- None Robot Schematics ------------------ None Fabricated ------------ Nothing Alien Tech Used ----------------- None Achievements -------------- First Step to Greatness Loot Pinata One Hack Too Far Oops Part-time Mechanic Storm Trooper Uninvited Guest Challenges ------------ None Game ------ Seed MediumBeamSpoofer Manual? 0 Play Time 00:38:57 Cumulative 0.6 hours Start 2024.07.30 @ 20:54:32 End 2024.07.30 @ 22:08:12 Sessions 2 Manual Loads 0 Difficulty Rogue Special Mode None Game No. 1 Rogue 1 Adventurer 0 Explorer 0 Win Type - Total 0 Types 0/0/0/0/0/0/0/0/0 Lore% 0 Gallery% 2 Achievement% 2 Wizard Run 0 Options --------- Layout 0 ASCII 0 Keyboard 0 Movement Mouse Keybinds 0 Fullscreen 2 Font 24/Smallcaps Map View 76x50 Zoom Use 0% Tactical HUD 1 Map Filters NONE Filters NONE Steam 1 RUN: 4a5f9ebf-178b-47e2-b635-dea7e84b74d4